 Dungeon Crawl Stone Soup version 0.27.1-1-g398f81649c (webtiles) character file.

Game seed: 1593382525390525195

10 Rickety the Sneak (level 2, 0/13 HPs)
             Began as a Spriggan Enchanter on Sept 18, 2021.
             Slain by a quokka (2 damage)
             ... on level 1 of the Dungeon.
             The game lasted 00:00:54 (340 turns).

Rickety the Sneak (Spriggan Enchanter)               Turns: 340, Time: 00:00:55

Health: 0/13       AC:  2    Str:  4    XL:     2   Next: 10%
Magic:  1/6        EV: 17    Int: 16    God:
Gold:   10         SH:  0    Dex: 15    Spells: 5/6 levels left

rFire    . . .     SeeInvis +   a - +1 dagger
rCold    . . .     Faith    .   (shield restricted)
rNeg     . . .     Spirit   .   b - +0 robe
rPois    .         Reflect  .   (helmet restricted)
rElec    .         Harm     .   (no cloak)
rCorr    .         Rampage  .   (gloves unavailable)
Will     .....                  (boots unavailable)
Stlth    +++.......             (no amulet)
HPRegen  0.04/turn              (no ring)
MPRegen  0.10/turn              (no ring)

@: very quick
A: very small, no large weapons, unfitting armour, see invisible, speed 3
a: no special abilities


You were on level 1 of the Dungeon.
You visited 1 branch of the dungeon, and saw 1 of its levels.

You collected 10 gold pieces.

Inventory:

Hand Weapons
 a - a +1 dagger (weapon)
Armour
 b - a +0 robe (worn)


   Skills:
 + Level 1.1 Short Blades
 + Level 2.7 Dodging
 * Level 5.3 Stealth
 + Level 2.7 Spellcasting
 + Level 3.7 Hexes


You had 5 spell levels left.
You knew the following spells:

 Your Spells              Type           Power      Damage    Failure   Level
a - Corona                Hex            15%        N/A       4%          1

Your spell library contained the following spells:

 Spells                   Type           Power      Damage    Failure   Level
 Confusing Touch          Hex            14%        N/A       12%         3
 Tukima's Dance           Hex            14%        N/A       12%         3
 Ensorcelled Hibernation  Hex/Ice        16%        N/A       14%         2
 Dazzling Flash           Conj/Hex       16%        N/A       26%         3


Dungeon Overview and Level Annotations

Branches:
Dungeon (1/15)

Altars:


Innate Abilities, Weirdness & Mutations

You are very small and have problems with some larger weapons.
You are too small for most types of armour.
You have supernaturally acute eyesight. (SInv)
You cover ground extremely quickly. (Speed+++)


Message History

The jackal bites you but does no damage.
You barely miss the jackal.
The jackal is almost dead.
The jackal misses you.
You hit the jackal but do no damage.
The jackal is almost dead.
The jackal closely misses you.
You barely miss the jackal.
The jackal is almost dead.
The jackal closely misses you.
You barely miss the jackal.
The jackal is almost dead.
The jackal misses you. The jackal bites you.
* * * LOW HITPOINT WARNING * * *
You hit the jackal.
You kill the jackal!
You have reached level 2!
Casting: Corona (safe; 4% risk of failure)
Confirm with . or Enter, or press ? or * to list all spells.
Aiming: Corona (safe; 4% risk of failure)
Press: ? - help, Shift-Dir - straight line, f - jackal
Aim: a jackal (chance to affect: 68%)
The jackal is outlined in light.
The jackal misses you.
The jackal bites you but does no damage.
The quokka twitches its whiskers.
You hit the jackal.
The jackal is severely wounded.
The jackal closely misses you.
You hit the jackal but do no damage.
The jackal is severely wounded.
The jackal barely misses you.
The quokka twitches its whiskers.
You hit the jackal.
You kill the jackal!
The quokka bites you.
* * * LOW HITPOINT WARNING * * *
You hit the quokka.
The quokka is almost dead.
The quokka bites you.
You die...

#####................ ..
#.......##....).....##.#
#..............####....#
#......#..........#.#...
#....?......h..>........
#....)..................
#.....rh#..........#...#
#..####r#######...##.###
#. #@# #...###r# ###.##
#...## #.h.h
#)...###.^.## ...##
#.....#...# #...#
#........# #.#..
#.)......# ## #.#
#.<........ .#
#.........# ##
###########


You could see 2 quokkas and a jackal.

Vanquished Creatures
  A bat (D:1)
  2 endoplasms (D:1)
  3 jackals (D:1)
  A frilled lizard (D:1)
  A kobold (D:1)
  A rat (D:1)
9 creatures vanquished.

Notes
Turn   | Place    | Note
-------+----------+-------------------------------------------
     0 | D:1      | Rickety the Spriggan Enchanter began the quest for the Orb.
     0 | D:1      | Reached XP level 1. HP: 9/9 MP: 5/5
   286 | D:1      | Reached skill level 5 in Stealth
   336 | D:1      | Reached XP level 2. HP: 3/13 MP: 2/6
   340 | D:1      | Slain by a quokka

Illustrated notes

Levels and vault maps discovered:
D:1:      elethiomel_arrival_shortcut, layout_rooms

Skill      XL: |  1 |
---------------+----+-----
Stealth        | 5 |  5.3
Short Blades   | |  1.1
Dodging        | |  2.7
Spellcasting   | |  2.7
Hexes          | |  3.7

Action                   || total
-------------------------++-------
Melee: Dagger            ||    42
 Cast: Corona            ||     9
 Stab: Sleeping          ||     2
Armor: Robe              ||     6
Dodge: Dodged            ||    36
